 Dungeon Crawl Stone Soup version 0.31-a0-431-g88bdf31460 (webtiles) character file.

Game seed: 9886042495345617276

881 arthad the Firebug (level 8, -8/45 HPs)
             Began as a Gargoyle Fire Elementalist on July 31, 2023.
             Mangled by Duvessa
             ... wielding a +0 short sword of freezing
              (13 damage)
             ... on level 4 of the Dungeon.
             The game lasted 00:15:59 (4095 turns).

arthad the Firebug (Gargoyle Fire Elementalist)     Turns: 4095, Time: 00:15:59

Health: -8/45      AC:  8    Str: 12    XL:     8   Next: 5%
Magic:  0/13       EV: 12    Int: 18    God:
Gold:   179        SH:  0    Dex: 10    Spells: 5/14 levels left

rFire   . . .        r - +2 quarterstaff (chaos)
rCold   . . .        (shield currently unavailable)
rNeg    + + .        a - +0 robe
rPois   ∞            (no helmet)
rElec   +            s - +0 cloak
rCorr   .            (no gloves)
SInv    .            (no boots)
Will    .....        (no amulet)
Stlth   ++           b - ring of positive energy
HPRegen 0.27/turn    (no ring)
MPRegen 0.13/turn

%: no passive effects
@: about to teleport
A: sickness immunity, AC +5, negative energy resistance 1, electricity
resistance, torment resistance 1, petrification resistance
a: no special abilities


You were on level 4 of the Dungeon.
You visited 1 branch of the dungeon, and saw 4 of its levels.

You collected 212 gold pieces.
You spent 33 gold pieces at shops.

Inventory:

Hand Weapons
 m - a +2 mace of holy wrath
 r - a +2 quarterstaff of chaos (weapon)
Armour
 a - a +0 robe (worn)
 n - a +0 kite shield
 s - a +0 cloak (worn)
Jewellery
 b - a ring of positive energy (left hand)
 f - an amulet of guardian spirit
Scrolls
 d - 2 scrolls of vulnerability {unknown}
 i - 3 scrolls of identify {unknown}
 k - a scroll of acquirement {unknown}
 o - a scroll of fog {unknown}
 t - a scroll of noise {unknown}
Potions
 c - a potion of berserk rage {unknown}
 e - 3 potions of attraction {unknown}
 g - 2 potions of might {unknown}
 h - 2 potions of invisibility {unknown}
 j - a potion of mutation {unknown}
 l - 2 potions of resistance {unknown}
 p - a potion of curing {unknown}


   Skills:
 + Level 2.5 Fighting
 + Level 2.3 Armour
 + Level 2.8 Dodging
 + Level 3.8 Stealth
 * Level 3.9 Spellcasting
 * Level 4.1 Conjurations
 + Level 1.9 Hexes
 * Level 4.7 Fire Magic


You had 5 spell levels left.
You knew the following spells:

 Your Spells              Type           Power      Damage    Failure   Level
a - Foxfire               Conj/Fire      76%        2x1d7     2%          1
b - Scorch                Fire           40%        2d6       3%          2
c - Inner Flame           Hex/Fire       15%        N/A       11%         3
d - Volatile Blastmotes   Fire/Tloc      24%        2d12      17%         3

Your spell library contained the following spells:

 Spells                   Type           Power      Damage    Failure   Level
 Flame Wave               Conj/Fire      19%        2d7       24%         4


Dungeon Overview and Level Annotations

Branches:
Dungeon (4/15)
 Temple: D:4-7

Altars:
Uskayaw

Shops:
D:3 *[[*(

Annotations:
D:4 Duvessa


Innate Abilities, Weirdness & Mutations

You are immune to sickness and miasma.
Your stone body is resilient. (AC +5)
You are immune to poison.
You resist negative energy. (rN+)
You are resistant to electric shocks. (rElec)
You are resistant to unholy torment.
You are immune to petrification.


Message History

Duvessa is moderately wounded.
You conjure some foxfire!
The foxfire hits Duvessa but does no damage.
Duvessa is moderately wounded.
The foxfire hits Duvessa but does no damage.
Duvessa is moderately wounded.
Duvessa barely misses you.
Casting: Foxfire (safe; 2% risk of failure)
Confirm with . or Enter, or press ? or * to list all spells.
Okay, then.
You conjure some foxfire!
The foxfire hits Duvessa.
Duvessa is heavily wounded.
Duvessa hits you with a +0 short sword of freezing.
Duvessa freezes you.
You hit Duvessa but do no damage.
Duvessa suddenly seems more agile.
Duvessa is heavily wounded.
The foxfire hits Duvessa.
Duvessa is heavily wounded.
The foxfire hits Duvessa but does no damage.
Duvessa is heavily wounded.
The foxfire hits Duvessa but does no damage.
Duvessa is heavily wounded.
Duvessa closely misses you.
Duvessa hits you with a +0 short sword of freezing!
Duvessa freezes you.
As you read the scroll of teleportation, it crumbles to dust.
You feel strangely unstable. Duvessa closely misses you.
Duvessa hits you with a +0 short sword of freezing!
* * * LOW HITPOINT WARNING * * *
Duvessa freezes you.
* * * LOW HITPOINT WARNING * * *
Okay, then.
Okay, then.
Unknown command.
Unknown command.
Casting: Foxfire (safe; 2% risk of failure)
Confirm with . or Enter, or press ? or * to list all spells.
You conjure some foxfire!
Duvessa hits you with a +0 short sword of freezing!
You die...

## ##.# #...#####
##...##..# ##
#.......v##..#.
##.....@e..)...
#...)...v.####. #
##..#.....# ##. ###
#....#....#
##...##.###...##..###
.........##...##.##
..##.##.......#...
..............#...
.........##........


You could see Duvessa (berserk, agile, ally target).

Vanquished Creatures
  Pikel (D:4)
  A black bear (D:4)
  Blork the orc (D:4)
  Dowan (D:4)
  A hound (D:4)
  Crazy Yiuf (D:3)
  An orc wizard (D:2)
  6 adders
  2 worms
  5 dart slugs
  7 orcs
  5 ball pythons
  6 endoplasms
  2 giant cockroaches
  7 goblins
  5 hobgoblins
  4 jackals
  7 kobolds
  4 quokkas
  5 bats
  2 frilled lizards (D:1)
  4 rats
78 creatures vanquished.

Vanquished Creatures (collateral kills)
  2 foxfires (D:1)
2 creatures vanquished.

Vanquished Creatures (others)
  322 foxfires
322 creatures vanquished.

Grand Total: 402 creatures vanquished

Notes
Turn   | Place    | Note
-------+----------+-------------------------------------------
     0 | D:1      | arthad the Gargoyle Fire Elementalist began the quest for
                  | the Orb.
     0 | D:1      | Reached XP level 1. HP: 10/10 MP: 3/3
   238 | D:1      | Reached XP level 2. HP: 8/15 MP: 0/5
   430 | D:1      | Found a faded altar of an unknown god.
   944 | D:2      | Reached XP level 3. HP: 11/19 MP: 0/6
  1035 | D:1      | Learned a level 2 spell: Scorch
  1039 | D:1      | Learned a level 3 spell: Inner Flame
  1578 | D:2      | Reached XP level 4. HP: 24/24 MP: 2/7
  2054 | D:3      | Found Pumen's Weapon Boutique.
  2203 | D:3      | Reached XP level 5. HP: 28/28 MP: 4/8
  2240 | D:3      | Found Keus's Antique Armour Shoppe.
  2294 | D:3      | Found Epnaec's General Store.
  2399 | D:3      | Found a runed translucent door.
  2400 | D:3      | Noticed Crazy Yiuf
  2493 | D:3      | Bought a scroll of teleportation for 33 gold pieces
  2531 | D:3      | Found Ytaj's Armour Shop.
  2677 | D:3      | Reached skill level 1 in Fighting
  2795 | D:3      | Found Fuirph's General Store.
  3031 | D:3      | Found a hide-covered altar of Uskayaw.
  3198 | D:3      | Learned a level 3 spell: Volatile Blastmotes
  3204 | D:3      | Killed Crazy Yiuf
  3430 | D:4      | Noticed Blork the orc
  3474 | D:4      | Killed Blork the orc
  3475 | D:4      | Reached skill level 1 in Armour
  3475 | D:4      | Reached skill level 1 in Hexes
  3475 | D:4      | Reached XP level 6. HP: 30/34 MP: 0/10
  3699 | D:4      | Noticed Pikel
  3701 | D:4      | Noticed a black bear
  3720 | D:4      | Killed Pikel
  3721 | D:4      | Reached XP level 7. HP: 24/40 MP: 2/12
  4078 | D:4      | Noticed Dowan
  4084 | D:4      | Noticed Duvessa
  4086 | D:4      | Killed Dowan
  4087 | D:4      | Reached XP level 8. HP: 45/45 MP: 5/13
  4095 | D:4      | Mangled by Duvessa

Illustrated notes

Levels and vault maps discovered:
D:1:      amcnicky_arrival_choice, layout_loops_ring,
          dreamdust_ecumenical_altar_grove
D:2:      layout_rooms
D:3:      layout_loops_ring, nicolae_uskayaw_suspiria, serial_shops,
          nicolae_shop_window_shopping, shop, shop, shop_statue,
          nicolae_shop_peninsula, uniq_crazy_yiuf_cottage
D:4:      layout_cave_pools, nicolae_wu_jian_immortal_techniques,
          roderic_roman_lattice, uniq_blork_the_orc, uniq_pikel, uniq_duvessa

Skill      XL: |  1  2  3  4  5  6  7 |
---------------+----------------------+-----
Dodging        | 2 |  2.8
Conjurations   | 2 3 4 |  4.1
Fighting       | 1 2 |  2.5
Stealth        | 3 |  3.8
Armour         | 1 2 |  2.3
Spellcasting   | 3 |  3.9
Hexes          | 1 |  1.9
Fire Magic     | 4 |  4.7

Action                     |  1- 3 |  4- 6 |  7- 9 || total
---------------------------+-------+-------+-------++-------
  Melee: Unarmed           |    15 |    14 |       ||    29
         Punch             |       |     1 |       ||     1
         Quarterstaff      |       |     2 |     1 ||     3
   Cast: Foxfire           |    54 |    98 |    36 ||   188
         Scorch            |     5 |    14 |     1 ||    20
    Use: Potion            |       |     1 |       ||     1
         Scroll            |       |       |     1 ||     1
   Stab: Sleeping          |       |     1 |       ||     1
 Armour: Robe              |    17 |    14 |     1 ||    32
  Dodge: Dodged            |    36 |    40 |     3 ||    79

Table legend: (Time is in decaauts)
 A = Elapsed time spent in this place.
 B = Non-inter-level travel time spent in this place.
 C = Inter-level travel time spent in this place.
 D = Time resting spent in this place.
 E = Time spent auto-exploring this place.
 F = Levels seen in this place.
 G = Mean time per level.
                   A        B        C        D        E       F      G
               +--------+--------+--------+--------+--------+-----+--------+
         Total |   4111 |   3951 |    160 |    205 |   3146 |   4 | 1027.8 |
       Dungeon |   4111 |   3951 |    160 |    205 |   3146 |   4 | 1027.8 |
               +--------+--------+--------+--------+--------+-----+--------+

Top non-repeatable levels by time:
     D:3: 1426 daAuts
     D:1: 1120 daAuts
     D:2: 930 daAuts
     D:4: 633 daAuts
